 Dungeon Crawl Stone Soup version 0.30-a0-1160-g6e42c06551 (webtiles) character file.

Game seed: 5259526259072069079

591 IdlyInterested the Spear-Bearer (level 7, -5/63 HPs)
             Began as a Minotaur Fighter on Apr 25, 2023.
             Slain by an orc warrior
             ... wielding a +0 mace
              (7 damage)
             ... on level 6 of the Dungeon.
             The game lasted 00:07:26 (2063 turns).

IdlyInterested the Spear-Bearer (Minotaur Fighter)  Turns: 2063, Time: 00:07:27

Health: -5/63      AC: 12    Str: 21    XL:     7   Next: 16%
Magic:  6/6        EV:  6    Int:  5    God:
Gold:   110        SH:  4    Dex: 11    Spells: 6/6 levels left

rFire   . . .        a - +0 trident
rCold   . . .        c - +0 buckler
rNeg    . . .        u - +0 plate armour
rPois   .            (helmet restricted)
rElec   .            j - scarf {repulsion}
rCorr   .            f - +0 pair of gloves
SInv    .            (no boots)
Will    .....        n - amulet of the acrobat Stlth
                     (no ring)
HPRegen 0.30/turn    (no ring)
MPRegen 0.10/turn

%: repel missiles, acrobat
@: no status effects
A: horns 2, retaliatory headbutt
a: no special abilities


You were on level 6 of the Dungeon.
You visited 1 branch of the dungeon, and saw 4 of its levels.

You collected 110 gold pieces.

Inventory:

Hand Weapons
 a - a +0 trident (weapon)
 p - a +0 scythe
 v - a +0 halberd
 w - a +0 spear
Armour
 c - a +0 buckler (worn)
 f - a +0 pair of gloves (worn)
 j - a scarf of repulsion (worn)
 s - a +1 cloak
 u - a +0 plate armour (worn)
Jewellery
 m - the amulet of Tylim {RegenMP Str+3 Int-5 Dex+2}
   (You found it on level 2 of the Dungeon)

   [amulet of magic regeneration]

   It increases your rate of magic regeneration.
   Str:       It affects your strength (+3).
   Int:       It affects your intelligence (-5).
   Dex:       It affects your dexterity (+2).
 n - an amulet of the acrobat (around neck)
 o - an amulet of guardian spirit
 x - a ring of willpower
Wands
 b - a wand of flame (12)
Scrolls
 e - 6 scrolls of identify {unknown}
 g - 2 scrolls of teleportation {unknown}
 h - a scroll of poison {unknown}
 q - a scroll of immolation {unknown}
Potions
 d - a potion of might
 i - a potion of curing {unknown}
 k - a potion of berserk rage {unknown}
 l - a potion of haste {unknown}
 r - a potion of lignification {unknown}
 t - a potion of invisibility {unknown}


   Skills:
 - Level 6.0 Fighting
 * Level 8.0 Polearms
 - Level 4.0 Armour
 + Level 3.8 Shields


You had 6 spell levels left.
You didn't know any spells.
Your spell library contained the following spells:

 Spells                   Type           Power      Damage    Failure   Level
 Necrotise                Necr           0%         1d4       100%        1
 Sandblast                Erth           0%         2d4       100%        1
 Passwall                 Tmut/Erth      0%         N/A       100%        2
 Stone Arrow              Conj/Erth      0%         3d7       100%        3
 Vampiric Draining        Necr           0%         2d6       100%        3
 Agony                    Necr           0%         N/A       100%        5


Dungeon Overview and Level Annotations

Branches:
Dungeon (6/15)
 Temple: D:4-7

Altars:


Innate Abilities, Weirdness & Mutations

You have a pair of horns on your head.
You reflexively headbutt those who attack you in melee.


Message History

You completely miss the orc warrior. The orc hits you but does no damage.
The orc warrior hits you with a +0 mace!
* * * LOW HITPOINT WARNING * * *
You barely miss the orc warrior. The orc hits you but does no damage.
The orc warrior hits you with a +0 mace.
* * * LOW HITPOINT WARNING * * *
You hit the orc warrior.
You headbutt the orc warrior, but do no damage.
The orc warrior is lightly wounded.
You hit the orc warrior but do no damage.
The orc warrior is lightly wounded.
You block the orc's attack. The orc warrior completely misses you.
You hit the orc warrior but do no damage.
Your headbutt misses the orc warrior.
The orc warrior is lightly wounded.
The orc hits you but does no damage. You block the orc warrior's attack.
You hit the orc warrior.
You headbutt the orc warrior, but do no damage.
The orc warrior is lightly wounded.
The orc hits you but does no damage. You block the orc warrior's attack.
You closely miss the orc warrior.
The orc warrior is lightly wounded.
The orc barely misses you. You furiously retaliate!
You headbutt the orc!
You kill the orc!
You block the orc warrior's attack.
You puncture the orc warrior!
The orc warrior is heavily wounded.
You block the orc warrior's attack.
You barely miss the orc warrior.
The orc warrior is heavily wounded.
The orc warrior hits you with a +0 mace!
* * * LOW HITPOINT WARNING * * *
You hit the orc warrior.
The orc warrior is severely wounded.
The orc warrior hits you with a +0 mace.
* * * LOW HITPOINT WARNING * * *
You hit the orc warrior but do no damage.
The orc warrior is severely wounded.
The orc warrior hits you with a +0 mace!
You die...

.####........#
..#..........#
#...........#
####..........#####
.#............##...#
..............#....
#o................
#@)....†.#........
#<##..............
#.................
...............#.)##...
..........#...###).....
......#.......####)#...
....#.......#..#.......
....#>.....##..........
.......###.##.......##.


You could see an orc warrior.

Vanquished Creatures
  Sigmund (D:2)
  An ogre (D:6)
  A kobold brigand (D:3)
  Crazy Yiuf (D:2)
  2 hounds (D:6)
  Terence (D:2)
  An orc wizard (D:6)
  2 adders (D:2)
  4 gnolls (D:6)
  A worm (D:2)
  A dart slug (D:2)
  8 orcs (D:6)
  5 ball pythons
  3 endoplasms
  5 giant cockroaches
  10 goblins
  3 hobgoblins
  4 jackals (D:2)
  6 kobolds
  3 quokkas
  7 bats
  A frilled lizard (D:2)
  6 rats
77 creatures vanquished.

Notes
Turn   | Place    | Note
-------+----------+-------------------------------------------
     0 | D:1      | IdlyInterested the Minotaur Fighter began the quest for the
                  | Orb.
     0 | D:1      | Reached XP level 1. HP: 19/19 MP: 0/0
   113 | D:1      | Reached skill level 3 in Polearms
   209 | D:1      | Reached XP level 2. HP: 27/27 MP: 1/1
   262 | D:1      | Found a faded altar of an unknown god.
   652 | D:2      | Reached XP level 3. HP: 30/33 MP: 2/2
   750 | D:2      | Reached skill level 4 in Polearms
   907 | D:2      | Reached XP level 4. HP: 41/41 MP: 3/3
   913 | D:2      | Identified the amulet of Tylim {RegenMP Str+3 Int-5 Dex+2}
  1005 | D:2      | Noticed Sigmund
  1045 | D:2      | Killed Sigmund
  1046 | D:2      | Reached skill level 5 in Fighting
  1046 | D:2      | Reached skill level 6 in Polearms
  1046 | D:2      | Reached XP level 5. HP: 12/48 MP: 4/4
  1353 | D:2      | Noticed Terence
  1360 | D:2      | Killed Terence
  1383 | D:2      | Found a runed translucent door.
  1384 | D:2      | Noticed Crazy Yiuf
  1491 | D:2      | Killed Crazy Yiuf
  1492 | D:2      | Reached XP level 6. HP: 56/56 MP: 5/5
  1848 | D:3      | You fall into a shaft and drop 3 floors!
  1862 | D:6      | Reached skill level 7 in Polearms
  1908 | D:6      | Reached XP level 7. HP: 7/63 MP: 6/6
  1927 | D:6      | HP: 3/63 [gnoll/+0 trident (4)]
  2022 | D:6      | Reached skill level 8 in Polearms
  2062 | D:6      | HP: 1/63 [orc warrior/+0 mace (6)]
  2063 | D:6      | Slain by an orc warrior

Illustrated notes

Levels and vault maps discovered:
D:1:      ncdulo_wetmaze, layout_rooms,
          shapermc_ecumenical_altar_mp_ritualfount, skrybe_limestone_x
D:2:      layout_basic, uniq_crazy_yiuf_cottage, uniq_sigmund, uniq_terence
D:3:      layout_loops_cross, nicolae_overflow_ecumenical_swirl, serial_rivers,
          chequers_serial_rivers_small_a, chequers_serial_rivers_small_3,
          chequers_serial_rivers_micro_a, chequers_serial_rivers_large_b,
          chequers_serial_rivers_small_a, chequers_serial_rivers_small_b,
          minmay_close_crescents
D:6:      layout_cave_pools, palyth_temple_overflow_mages,
          grunt_temple_overflow_forces_of_nature, minmay_temple_entry_fiery,
          serial_shops, shop, uniq_grinder

Skill      XL: |  1  2  3  4  5  6  7 |
---------------+----------------------+-----
Polearms       | 3 4 6 7 8 |  8.0
Fighting       | 4 5 6 |  6.0
Armour         | 4 |  4.0
Shields        | |  3.8

Action                     |  1- 3 |  4- 6 |  7- 9 || total
---------------------------+-------+-------+-------++-------
  Melee: Trident           |    83 |   138 |    40 ||   261
         Headbutt          |     9 |    21 |     3 ||    33
 Armour: Scale mail        |    52 |    13 |       ||    65
         Chain mail        |       |     9 |       ||     9
         Plate armour      |       |    35 |    17 ||    52
  Dodge: Dodged            |    39 |    33 |     9 ||    81
         Repelled          |       |     3 |       ||     3
  Block: Buckler           |    28 |    23 |     8 ||    59

Table legend: (Time is in decaauts)
 A = Elapsed time spent in this place.
 B = Non-inter-level travel time spent in this place.
 C = Inter-level travel time spent in this place.
 D = Time resting spent in this place.
 E = Time spent auto-exploring this place.
 F = Levels seen in this place.
 G = Mean time per level.
                   A        B        C        D        E       F      G
               +--------+--------+--------+--------+--------+-----+--------+
         Total |   2086 |   1889 |    197 |    273 |    933 |   4 |  521.5 |
       Dungeon |   2086 |   1889 |    197 |    273 |    933 |   4 |  521.5 |
               +--------+--------+--------+--------+--------+-----+--------+

Top non-repeatable levels by time:
     D:2: 934 daAuts
     D:1: 711 daAuts
     D:3: 231 daAuts
     D:6: 209 daAuts
